 Dungeon Crawl Stone Soup version 0.28.0-45-g0d030f2227 (webtiles) character file.

Game seed: 1743943279635639594

2972 Kziril the Protected (level 9, -1/68 (71) HPs)
             Began as a Demonspawn Fighter on Apr 20, 2022.
             Was an Elder of Fedhas.
             Killed from afar by an electric eel (3 damage)
             ... with a bolt of electricity
             ... on level 7 of the Dungeon.
             The game lasted 00:17:07 (7430 turns).

Kziril the Protected (Demonspawn Fighter)           Turns: 7430, Time: 00:17:08

HP:   -1/68 (71)    AC: 20    Str: 21    XL:     9   Next: 53%
MP:   9/9           EV:  9    Int: 15    God:    Fedhas [****..]
Gold: 305           SH:  6    Dex: 18    Spells: 8/8 levels left

rFire   + . .      SeeInvis +   t - +7 hand axe of Jery {venom, rF+ Int+5}
rCold   . . .      Faith    .   c - +0 buckler
rNeg    . . .      Spirit   .   b - +0 scale mail
rPois   .          Reflect  .   (helmet unavailable)
rElec   .          Harm     .   (no cloak)
rCorr   .          Rampage  .   (no gloves)
Will    +....                   A - +2 pair of boots
Stlth   ..........              w - amulet of regeneration
HPRegen 1.01/turn               l - ring of willpower
MPRegen 0.11/turn               x - +6 ring of dexterity

@: sanguine armoured, lightly drained
A: antennae 3, sanguine armour 2, demonic magic 1, corrupting presence 1
a: Renounce Religion, Wall of Briars, Grow Ballistomycete, Overgrow


You were on level 7 of the Dungeon.
You worshipped Fedhas.
Fedhas was greatly pleased with you.
You visited 1 branch of the dungeon, and saw 8 of its levels.

You collected 305 gold pieces.

Inventory:

Hand Weapons
 t - the +7 hand axe of Jery (weapon) {venom, rF+ Int+5}
   (You took it off a hobgoblin on level 4 of the Dungeon)

   It poisons the flesh of those it strikes.
   Int:       It affects your intelligence (+5).
   rF:        It protects you from fire.
Armour
 b - a +0 scale mail (worn)
 c - a +0 buckler (worn)
 A - a +2 pair of boots (worn)
Jewellery
 l - a ring of willpower (left hand)
 s - a +6 ring of intelligence
 u - a ring of protection from cold
 w - an amulet of regeneration (around neck)
 x - a +6 ring of dexterity (right hand)
Wands
 h - a wand of iceblast (15)
 y - a wand of acid (7)
 C - a wand of paralysis (12)
Scrolls
 a - a scroll of enchant armour {unknown}
 f - 2 scrolls of amnesia {unknown}
 i - 3 scrolls of identify {unknown}
 j - 2 scrolls of noise {unknown}
 k - 2 scrolls of magic mapping {unknown}
 o - a scroll of immolation {unknown}
 p - 2 scrolls of fog {unknown}
 z - 3 scrolls of teleportation {unknown}
 D - a scroll of acquirement {unknown}
 E - a scroll of vulnerability {unknown}
Potions
 d - 2 potions of might
 e - a potion of lignification {unknown}
 g - a potion of cancellation {unknown}
 m - 3 potions of attraction {unknown}
 n - 3 potions of haste {unknown}
 q - 5 potions of curing {unknown}
 r - 3 potions of ambrosia {unknown}
 v - 3 potions of degeneration {unknown}
 B - a potion of invisibility {unknown}


   Skills:
 + Level 6.6 Fighting
 + Level 5.6 Axes
 * Level 8.2 Armour
 + Level 6.0 Shields


You had 8 spell levels left.
You didn't know any spells.
Your spell library contained the following spells:

 Spells                   Type           Power      Damage    Failure   Level
 Animate Skeleton         Necr           0%         N/A       63%         1
 Freeze                   Ice            0%         1d3       63%         1
 Magic Dart               Conj           0%         1d3       63%         1
 Pain                     Necr           0%         1d4       63%         1
 Call Imp                 Summ           0%         N/A       77%         2
 Static Discharge         Conj/Air       0%         N/A       77%         2
 Sublimation of Blood     Necr           0%         N/A       77%         2
 Wereblood                Tmut           0%         N/A       77%         2
 Frozen Ramparts          Ice            0%         1d2       94%         3
 Inner Flame              Hex/Fire       0%         N/A       94%         3
 Mephitic Cloud           Conj/Pois/Air  0%         N/A       94%         3
 Vampiric Draining        Necr           0%         2d6       94%         3
 Cause Fear               Hex            0%         N/A       100%        4
 Hailstorm                Conj/Ice       0%         3d3       100%        4
 Agony                    Necr           0%         N/A       100%        5
 Excruciating Wounds      Necr           0%         N/A       100%        5
 Lightning Bolt           Conj/Air       0%         1d11      100%        5
 Summon Hydra             Summ           0%         N/A       100%        7
 Discord                  Hex            0%         N/A       100%        8
 Maxwell's Capacitive Co  Air            0%         ∞         100%        8


Dungeon Overview and Level Annotations

Branches:
Dungeon (8/15)             Temple (0/1) D:7
   Lair: D:8-11

Altars:
Cheibriados
Fedhas
Gozag
Hepliaklqana
Kikubaaqudgha

Shops:
D:1 :


Innate Abilities, Weirdness & Mutations

You have a pair of large antennae on your head. (SInv)
When seriously injured, your blood forms thick armour. (AC +9)
Spells you cast may paralyse adjacent enemies.
Your presence sometimes corrodes those you injure.


Message History

The bolt of electricity hits you.
The electric eel shoots out a bolt of lightning at you!
The bolt of electricity hits you!
The electric eel shoots out a bolt of lightning at you!
The bolt of electricity hits you. The bolt of electricity hits you!
The electric eel shoots out a bolt of lightning at you!
The bolt of electricity misses you.
The electric eel shoots out a bolt of lightning at you!
The bolt of electricity hits you. Why would you want to do that?
Why would you want to do that?
The electric eel shoots out a bolt of lightning at you!
The bolt of electricity hits you!
Your blood congeals into armour.
The bolt of electricity hits you!
The electric eel shoots out a bolt of lightning at you!
The bolt of electricity hits you!
* * * LOW HITPOINT WARNING * * *
The electric eel shoots out a bolt of lightning at you!
The bolt of electricity hits you!
* * * LOW HITPOINT WARNING * * *
The bolt of electricity hits you.
* * * LOW HITPOINT WARNING * * *
Unknown command.
The electric eel shoots out a bolt of lightning at you!
The bolt of electricity hits you but does no damage. x2
You hit the electric eel.
The electric eel is poisoned.
The electric eel is moderately wounded.
The electric eel shoots out a bolt of lightning at you!
The bolt of electricity hits you but does no damage.
The bolt of electricity hits you!
* * * LOW HITPOINT WARNING * * *
The bolt of electricity misses the electric eel.
You miss the electric eel.
The electric eel is moderately wounded.
The electric eel shoots out a bolt of lightning at you!
The bolt of electricity hits you.
* * * LOW HITPOINT WARNING * * *
The bolt of electricity hits you.
You die...
Fedhas appreciates your contribution to the ecosystem.

#######
##.....########
##..≈≈≈........#
#...≈#≈≈≈≈.....#
#..@≈≈≈≈#≈≈≈≈..##
##..≈S≈#≈≈≈≈#≈...#
#...≈#≈≈≈≈#≈≈≈.).#
#...≈≈≈≈#≈≈≈≈....####
#..≈≈≈#≈≈≈≈#≈........
#..≈#≈≈≈≈#≈≈≈........
#..≈≈≈≈#≈≈≈≈.........
#.....≈≈≈≈#≈.[.......
#........≈≈≈..#......


You could see an electric eel (very poisoned).

Vanquished Creatures
  Pikel (D:5)
  Grinder (D:6)
  Duvessa (D:5)
  A water moccasin (D:5)
  2 black bears
  An orc warrior (D:7)
  A sky beast (D:7)
  A centaur (D:7)
  An ogre (D:5)
  A phantom (D:5)
  A lemure (D:5)
  A kobold brigand (D:7)
  A scorpion (D:4)
  A water moccasin zombie (D:6)
  3 water moccasin skeletons
  Dowan (D:5)
  7 wights (D:7)
  A howler monkey (D:6)
  A bullfrog skeleton (D:6)
  5 hounds
  2 jellies
  2 gnoll shamans
  An iguana (D:6)
  Natasha (thrice) (D:3)
  3 orc wizards
  A killer bee zombie (D:7)
  Robin (D:3)
  13 gnolls
  8 adders
  A white imp (D:6)
  2 ufetubi
  An adder skeleton (D:4)
  2 worms
  3 dart slugs
  4 orcs
  4 ball pythons
  4 endoplasms
  5 giant cockroaches
  11 hobgoblins
  3 jackals (D:3)
  3 quokkas (D:1)
  4 bats
  A frilled lizard (D:2)
  15 goblins
  16 kobolds
  3 rats
  A spectral hobgoblin (D:7)
150 creatures vanquished.

Notes
Turn   | Place    | Note
-------+----------+-------------------------------------------
     0 | D:1      | Kziril the Demonspawn Fighter began the quest for the Orb.
     0 | D:1      | Reached XP level 1. HP: 18/18 MP: 1/1
   314 | D:1      | Gained mutation: When seriously injured, your blood forms
                  | armour. (AC +9) [demonic ancestry]
   314 | D:1      | Reached XP level 2. HP: 21/24 MP: 2/2
   396 | D:1      | Found Laobeul's Book Shoppe.
   400 | D:1      | Reached skill level 3 in Armour
   400 | D:1      | Found a faded altar of an unknown god.
   502 | D:1      | Prayed at the altar of an unknown god.
   502 | D:1      | Became a worshipper of Fedhas Madash
   502 | D:1      | Reached * piety under Fedhas
   530 | D:1      | Gained mutation: Spells you cast may paralyse adjacent
                  | enemies. [demonic ancestry]
   530 | D:1      | Reached XP level 3. HP: 29/29 MP: 3/3
  1118 | D:2      | Gained mutation: When seriously injured, your blood forms
                  | thick armour. (AC +9) [demonic ancestry]
  1118 | D:2      | Reached XP level 4. HP: 35/35 MP: 4/4
  1451 | D:2      | Reached ** piety under Fedhas
  1731 | D:3      | Found a snail-covered altar of Cheibriados.
  1921 | D:3      | Noticed Robin
  2204 | D:3      | Noticed Natasha
  2210 | D:3      | Killed Robin
  2221 | D:3      | Killed Natasha
  2222 | D:3      | Gained mutation: You have a pair of small antennae on your
                  | head. [demonic ancestry]
  2222 | D:3      | Reached XP level 5. HP: 14/42 MP: 5/5
  2226 | D:3      | Reached skill level 4 in Armour
  2345 | D:3      | Noticed Natasha
  2355 | D:3      | Killed Natasha
  2676 | D:3      | Noticed Natasha
  2691 | D:3      | HP: 1/42 [shadow imp/nerve-wracking pain[Natasha] (14)]
  2693 | D:3      | Killed Natasha
  3281 | D:5      | Entered Level 5 of the Dungeon
  3545 | D:4      | Gained mutation: You have a pair of antennae on your head.
                  | [demonic ancestry]
  3545 | D:4      | Reached XP level 6. HP: 21/48 MP: 6/6
  3765 | D:4      | Found an opulent altar of Gozag.
  3887 | D:4      | Identified the +7 hand axe of Jery {venom, rF+ Int+5}
  4215 | D:4      | Reached *** piety under Fedhas
  4507 | D:5      | Reached skill level 5 in Armour
  4524 | D:5      | Gained mutation: Your presence sometimes corrodes those you
                  | injure. [demonic ancestry]
  4524 | D:5      | Reached XP level 7. HP: 39/55 MP: 7/7
  4751 | D:5      | Noticed Pikel
  4751 | D:5      | Noticed Duvessa
  4751 | D:5      | Noticed Dowan
  4782 | D:5      | Killed Pikel
  4783 | D:5      | Reached skill level 5 in Fighting
  4783 | D:5      | Reached skill level 6 in Armour
  4783 | D:5      | Reached XP level 8. HP: 15/62 MP: 8/8
  4811 | D:5      | Killed Duvessa
  4821 | D:5      | Killed Dowan
  5088 | D:5      | Reached skill level 5 in Shields
  5457 | D:6      | Noticed Grinder
  5473 | D:6      | Killed Grinder
  5474 | D:6      | Reached skill level 7 in Armour
  5647 | D:6      | Found an ancient bone altar of Kikubaaqudgha.
  5960 | D:6      | Reached skill level 5 in Axes
  5974 | D:6      | Gained mutation: You have a pair of large antennae on your
                  | head. (SInv) [demonic ancestry]
  5974 | D:6      | Reached XP level 9. HP: 69/69 MP: 9/9
  6589 | D:7      | Found a hazy altar of Hepliaklqana.
  6592 | D:7      | Reached **** piety under Fedhas
  7037 | D:7      | Found a staircase to the Ecumenical Temple.
  7245 | D:7      | Reached skill level 8 in Armour
  7429 | D:7      | HP: 2/68 [electric eel/bolt of electricity (7)]
  7430 | D:7      | Killed from afar by an electric eel

Illustrated notes

Levels and vault maps discovered:
D:1:      dpeg_arrival_rooms_a, layout_loops_cross,
          hellmonk_ecumenical_altar_crossroads, serial_shops, shop_fountains,
          hangedman_decor_push, minmay_misc_feat_columns
D:2:      layout_rooms
D:3:      layout_loops_ring, cheibrodos_worm_habitat, corexii_corridor_pit,
          uniq_robin, uniq_natasha
D:4:      layout_basic, mainiacjoe_overflow_alcove_1, serial_glass,
          glass_columns_a, glass_columns_a, glass_columns_a, glass_columns_c,
          minmay_checkerbox
D:5:      layout_basic, nicolae_concentric_dashed_squares_wild, uniq_duvessa,
          uniq_pikel
D:6:      layout_layer_cave, mainiacjoe_overflow_six_doors_small, uniq_grinder
D:7:      layout_basic, fedhas_altar_4, nicolae_hepliaklqana_monster_ancestors,
          minmay_temple_entry_junction, kennysheep_decorative_pillar,
          nicolae_lava_and_water, roderic_lattice_a, grunt_decor_arrowhead,
          hangedman_glass_teeth
D:8:      nicolae_cairo_tiling_large, layout_loops_ring,
          nicolae_overflow_hidden_temple, david_lair_generic,
          corexii_leaking_fountain

Skill      XL: |  1  2  3  4  5  6  7  8  9 |
---------------+----------------------------+-----
Axes           | 2 3 4 5 |  5.6
Armour         | 3 4 5 6 7 8 |  8.2
Shields        | 3 4 5 6 |  6.0
Fighting       | 4 5 6 |  6.6

Action                   |  1- 3 |  4- 6 |  7- 9 || total
-------------------------+-------+-------+-------++-------
Melee: War axe           |    87 |   175 |       ||   262
       Hand axe          |       |    31 |   217 ||   248
Invok: Wall of Briars    |       |     1 |       ||     1
Armor: Scale mail        |    64 |   118 |    95 ||   277
Dodge: Dodged            |    47 |    95 |    80 ||   222
Block: Buckler           |    28 |    64 |    46 ||   138
